[ PARTIDA AOE2 · #480558111 ]
UnrankedEspañoles vs Romans
[ ANÁLISIS DE REPETICIÓN · EXTRAÍDO DE LA PARTIDA GRABADA ]
Feudal
—
Castillos
—
Imperial
—
| APM promedio | 30.3 |
| APM pico | 78 |
| eAPM promedio | 15.7 |
| Aldeanos / militares | 159 / 176 |
Foco
⚔️ 29.9% · 🌾 70.1%
Conquistador ×119 · Missionary ×19 · Skirmisher ×19 · Trade Cart ×9 · Bombard Cannon ×9 · Trebuchet (Packed) ×7
Feudal
11:12
Castillos
18:59
Imperial
31:53
| APM promedio | 24.8 |
| APM pico | 69 |
| eAPM promedio | 14.1 |
| Aldeanos / militares | 135 / 106 |
Foco
⚔️ 20.4% · 🌾 79.6%
Ballista Elephant ×96 · Trade Cart ×14 · Battle Elephant ×3 · Monk ×2 · Mangonel ×2 · Trebuchet (Packed) ×2
Feudal
18:39
Castillos
32:59
Imperial
44:21
| APM promedio | 15.6 |
| APM pico | 41 |
| eAPM promedio | 9.5 |
| Aldeanos / militares | 134 / 192 |
Foco
⚔️ 34.8% · 🌾 65.2%
Militia ×153 · Centurion ×15 · Battering Ram ×13 · Skirmisher ×5 · Mangonel ×4 · Trebuchet (Packed) ×2
Feudal
12:58
Castillos
18:51
Imperial
34:19
| APM promedio | 15.7 |
| APM pico | 35 |
| eAPM promedio | 10.3 |
| Aldeanos / militares | 117 / 360 |
Foco
⚔️ 31.8% · 🌾 68.2%
Spearman ×176 · Skirmisher ×143 · Trade Cart ×20 · Knight ×19 · Militia ×10 · Monk ×3
Feudal
13:31
Castillos
22:10
Imperial
38:27
| APM promedio | 21.5 |
| APM pico | 60 |
| eAPM promedio | 11.4 |
| Aldeanos / militares | 126 / 100 |
Foco
⚔️ 24.0% · 🌾 76.0%
Teutonic Knight ×90 · Trade Cart ×37 · Battering Ram ×10
Feudal
13:27
Castillos
19:44
Imperial
44:59
| APM promedio | 14.9 |
| APM pico | 39 |
| eAPM promedio | 13.1 |
| Aldeanos / militares | 95 / 288 |
Foco
⚔️ 50.9% · 🌾 49.1%
Spearman ×141 · Samurai ×99 · Skirmisher ×44 · Trade Cart ×3 · Battering Ram ×3 · Monk ×1
Mapa de la partida
Recursos iniciales + cada clic de construcción. Líneas = muros · curvas = relieve. ◆ oro · ⬟ piedra · ● bayas · ✦ reliquia · ◌ hueco del cierre
Tu base· Abierta — el rival se encerró
Base de TeaWifYerGf· Abierta — el rival se encerró
Base de mata101· ✓ Cerrada en 32:59 · 33t muro · 2 puerta(s)
Base de Jon· ✓ Cerrada en 18:51 · 0t muro · sin puerta
Base de Stormshadow· Abierta — el rival se encerró
Base de aochamberlin17· ✓ Cerrada en 19:44 · 0t muro · sin puerta
Terreno inicial suavizado · ◌ = hueco del cierre detectado · pasá el cursor para detalles
Inputs por minuto
— aanndrrees - - TeaWifYerGf
Build order — aanndrrees
Primeras 150 de 503 acciones detectadas
| 0:02 | Crear | Villager (Male) |
| 0:03 | Crear | Villager (Male) |
| 0:06 | Construir | House |
| 0:08 | Construir | House |
| 0:15 | Construir | House |
| 0:19 | Crear | Villager (Male) |
| 0:19 | Crear | Villager (Male) |
| 1:34 | Crear | Villager (Male) |
| 2:12 | Crear | Villager (Male) |
| 2:21 | Crear | Villager (Male) |
| 3:15 | Crear | Villager (Male) |
| 3:19 | Crear | Villager (Male) |
| 4:00 | Crear | Villager (Male) |
| 4:00 | Crear | Villager (Male) |
| 5:00 | Crear | Villager (Male) |
| 5:01 | Crear | Villager (Male) |
| 5:01 | Crear | Villager (Male) |
| 5:25 | Crear | Villager (Male) |
| 6:16 | Crear | Villager (Male) |
| 6:16 | Crear | Villager (Male) |
| 6:17 | Crear | Villager (Male) |
| 6:17 | Crear | Villager (Male) |
| 6:34 | Crear | Villager (Male) |
| 7:04 | Construir | Lumber Camp |
| 7:05 | Crear | Villager (Male) |
| 7:05 | Crear | Villager (Male) |
| 7:05 | Crear | Villager (Male) |
| 7:06 | Crear | Villager (Male) |
| 7:11 | Construir | House |
| 7:58 | Crear | Villager (Male) |
| 7:58 | Crear | Villager (Male) |
| 8:17 | Crear | Villager (Male) |
| 8:44 | Crear | Villager (Male) |
| 9:46 | Construir | Mill |
| 10:03 | Crear | Villager (Male) |
| 10:03 | Crear | Villager (Male) |
| 10:13 | Investigar | Feudal Age |
| 10:16 | Crear | Villager (Male) |
| 10:35 | Construir | House |
| 10:38 | Construir | House |
| 11:08 | Crear | Villager (Male) |
| 11:20 | Crear | Villager (Male) |
| 12:33 | Investigar | Loom |
| 12:34 | Crear | Villager (Male) |
| 12:34 | Crear | Villager (Male) |
| 12:59 | Construir | House |
| 13:02 | Crear | Villager (Male) |
| 13:10 | Investigar | Town Watch |
| 13:11 | Investigar | Wheelbarrow |
| 13:12 | Crear | Villager (Male) |
| 13:12 | Crear | Villager (Male) |
| 13:28 | Construir | Barracks |
| 13:47 | Construir | Market |
| 13:51 | Construir | Mining Camp |
| 13:53 | Crear | Villager (Male) |
| 13:53 | Crear | Villager (Male) |
| 13:58 | Crear | Spearman |
| 14:16 | Crear | Villager (Male) |
| 14:38 | Crear | Spearman |
| 14:45 | Crear | Spearman |
| 14:51 | Crear | Villager (Male) |
| 14:51 | Crear | Villager (Male) |
| 15:14 | Construir | Mining Camp |
| 15:27 | Crear | Villager (Male) |
| 15:28 | Crear | Villager (Male) |
| 15:28 | Crear | Villager (Male) |
| 15:59 | Construir | Archery Range |
| 16:44 | Investigar | Castle Age |
| 16:55 | Construir | House |
| 17:10 | Construir | House |
| 17:21 | Construir | Farm |
| 17:21 | Construir | Farm |
| 17:21 | Construir | Farm |
| 17:21 | Construir | Farm |
| 17:21 | Construir | Farm |
| 17:22 | Construir | Farm |
| 17:22 | Construir | Farm |
| 17:22 | Construir | Farm |
| 17:22 | Construir | Farm |
| 17:41 | Construir | Outpost |
| 17:57 | Construir | Outpost |
| 18:15 | Construir | Outpost |
| 18:25 | Crear | Skirmisher |
| 18:28 | Crear | Skirmisher |
| 18:45 | Crear | Villager (Male) |
| 18:46 | Crear | Villager (Male) |
| 19:30 | Construir | Monastery |
| 19:47 | Construir | Town Center |
| 20:00 | Construir | Town Center |
| 20:05 | Crear | Missionary |
| 20:06 | Crear | Missionary |
| 20:17 | Crear | Villager (Male) |
| 20:17 | Crear | Villager (Male) |
| 20:18 | Crear | Villager (Male) |
| 21:13 | Investigar | Elite Skirmisher (upgrade) |
| 21:14 | Crear | Skirmisher |
| 21:14 | Crear | Skirmisher |
| 21:35 | Investigar | Wheelbarrow |
| 22:02 | Crear | Missionary |
| 22:13 | Crear | Skirmisher |
| 22:47 | Crear | Villager (Male) |
| 22:48 | Crear | Villager (Male) |
| 22:48 | Crear | Villager (Male) |
| 22:48 | Crear | Villager (Male) |
| 23:38 | Construir | Town Center |
| 23:49 | Construir | House |
| 23:52 | Construir | House |
| 23:53 | Construir | House |
| 23:54 | Construir | House |
| 23:55 | Construir | House |
| 23:57 | Construir | House |
| 24:20 | Construir | Farm |
| 24:20 | Construir | Farm |
| 24:21 | Construir | Farm |
| 24:21 | Construir | Farm |
| 24:21 | Construir | Farm |
| 24:21 | Construir | Farm |
| 24:21 | Construir | Farm |
| 24:22 | Construir | Farm |
| 24:22 | Construir | Farm |
| 24:22 | Construir | Farm |
| 24:22 | Construir | Farm |
| 24:23 | Construir | Farm |
| 24:23 | Construir | Farm |
| 24:23 | Construir | Farm |
| 24:23 | Construir | Farm |
| 24:23 | Construir | Farm |
| 24:38 | Investigar | Horse Collar |
| 24:53 | Construir | Farm |
| 25:39 | Crear | Villager (Male) |
| 25:39 | Crear | Villager (Male) |
| 25:56 | Crear | Villager (Male) |
| 25:56 | Crear | Villager (Male) |
| 25:56 | Crear | Villager (Male) |
| 26:01 | Crear | Villager (Male) |
| 26:01 | Crear | Villager (Male) |
| 26:01 | Crear | Villager (Male) |
| 26:01 | Crear | Villager (Male) |
| 26:02 | Crear | Villager (Male) |
| 26:14 | Crear | Skirmisher |
| 26:14 | Crear | Skirmisher |
| 26:15 | Crear | Skirmisher |
| 26:33 | Construir | Archery Range |
| 26:41 | Crear | Missionary |
| 26:42 | Crear | Missionary |
| 26:42 | Crear | Missionary |
| 27:04 | Crear | Skirmisher |
| 27:04 | Crear | Skirmisher |
| 27:04 | Crear | Skirmisher |
| 27:04 | Crear | Skirmisher |
Build order — TeaWifYerGf
Primeras 150 de 383 acciones detectadas
| 0:04 | Construir | House |
| 0:05 | Construir | House |
| 0:06 | Crear | Villager (Male) ×4 |
| 0:06 | Crear | Villager (Male) ×4 |
| 1:27 | Construir | Lumber Camp |
| 1:35 | Construir | Lumber Camp |
| 1:45 | Crear | Villager (Male) |
| 1:46 | Crear | Villager (Male) |
| 2:19 | Crear | Villager (Male) |
| 2:33 | Crear | Villager (Male) |
| 2:51 | Crear | Villager (Male) |
| 3:35 | Crear | Villager (Male) |
| 3:40 | Construir | House |
| 3:47 | Construir | Mill |
| 3:56 | Crear | Villager (Male) |
| 4:54 | Crear | Villager (Male) |
| 5:24 | Crear | Villager (Male) |
| 5:51 | Crear | Villager (Male) |
| 5:55 | Crear | Villager (Male) |
| 6:44 | Crear | Villager (Male) |
| 6:44 | Crear | Villager (Male) |
| 7:09 | Crear | Villager (Male) |
| 8:11 | Crear | Villager (Male) |
| 9:02 | Investigar | Feudal Age |
| 10:17 | Crear | Villager (Male) |
| 10:18 | Crear | Villager (Male) |
| 10:49 | Construir | House |
| 10:53 | Construir | House |
| 11:12 | Edad | Edad Feudal |
| 11:13 | Construir | Mining Camp |
| 11:59 | Construir | House |
| 12:01 | Crear | Villager (Male) |
| 12:17 | Construir | Barracks |
| 12:23 | Crear | Villager (Male) |
| 12:40 | Construir | Market |
| 12:42 | Crear | Villager (Male) |
| 12:43 | Crear | Villager (Male) |
| 12:58 | Construir | House |
| 13:10 | Construir | Farm |
| 13:20 | Investigar | Horse Collar |
| 13:22 | Investigar | Double-Bit Axe |
| 13:33 | Construir | Farm |
| 13:34 | Construir | Farm |
| 13:35 | Construir | Farm |
| 13:36 | Construir | Farm |
| 13:48 | Construir | House |
| 13:51 | Crear | Villager (Male) |
| 14:26 | Construir | Lumber Camp |
| 15:04 | Construir | Farm |
| 15:06 | Construir | Farm |
| 15:07 | Construir | Farm |
| 15:51 | Construir | House |
| 15:54 | Crear | Villager (Male) |
| 15:56 | Construir | Farm |
| 16:19 | Investigar | Castle Age |
| 16:19 | Investigar | Castle Age |
| 16:23 | Construir | Farm |
| 16:25 | Construir | Farm |
| 16:28 | Construir | Farm |
| 17:21 | Crear | Villager (Male) |
| 17:37 | Construir | Mining Camp |
| 17:49 | Crear | Trade Cart |
| 17:54 | Construir | House |
| 18:17 | Crear | Villager (Male) |
| 18:32 | Construir | Lumber Camp |
| 18:59 | Edad | Edad de los Castillos |
| 19:06 | Construir | Town Center |
| 19:08 | Crear | Villager (Male) |
| 19:39 | Investigar | Bow Saw |
| 19:45 | Crear | Villager (Male) |
| 20:15 | Construir | Monastery |
| 20:22 | Crear | Villager (Male) |
| 20:22 | Crear | Villager (Male) |
| 20:38 | Crear | Villager (Male) |
| 21:08 | Crear | Villager (Male) |
| 21:45 | Construir | Stable |
| 21:49 | Crear | Villager (Male) |
| 21:58 | Crear | Villager (Male) |
| 22:03 | Investigar | Wheelbarrow |
| 22:31 | Crear | Trade Cart |
| 22:32 | Crear | Villager (Male) |
| 22:39 | Crear | Villager (Male) |
| 22:50 | Construir | University |
| 23:08 | Construir | Blacksmith |
| 23:13 | Crear | Villager (Male) |
| 23:14 | Crear | Villager (Male) |
| 23:16 | Crear | Villager (Male) |
| 23:16 | Crear | Villager (Male) |
| 23:52 | Construir | Stone Wall |
| 24:02 | Construir | Stone Wall |
| 24:09 | Crear | Villager (Male) |
| 24:11 | Crear | Villager (Male) |
| 24:12 | Crear | Villager (Male) |
| 24:18 | Construir | Farm |
| 24:20 | Crear | Villager (Male) |
| 24:29 | Construir | Siege Workshop |
| 24:33 | Investigar | Bloodlines |
| 25:01 | Construir | Mining Camp |
| 25:30 | Crear | Villager (Male) |
| 25:33 | Construir | Farm |
| 25:55 | Construir | Gate |
| 26:58 | Construir | Castle |
| 27:05 | Crear | Monk |
| 27:08 | Crear | Villager (Male) |
| 27:11 | Construir | Farm |
| 27:12 | Construir | Farm |
| 27:16 | Construir | Farm |
| 27:18 | Crear | Villager (Male) |
| 27:21 | Crear | Villager (Male) |
| 27:22 | Crear | Villager (Male) |
| 27:42 | Construir | House |
| 28:01 | Crear | Mangonel |
| 28:06 | Construir | House |
| 28:10 | Construir | House |
| 28:26 | Construir | House |
| 28:28 | Construir | House |
| 28:30 | Construir | Farm |
| 28:32 | Construir | Farm |
| 28:33 | Crear | Villager (Male) |
| 28:36 | Crear | Villager (Male) |
| 28:41 | Investigar | Imperial Age |
| 29:32 | Crear | Ballista Elephant ×3 |
| 29:38 | Construir | Mining Camp |
| 30:07 | Construir | Siege Workshop |
| 30:56 | Crear | Ballista Elephant ×3 |
| 31:23 | Construir | House |
| 31:27 | Crear | Mangonel |
| 31:45 | Construir | House |
| 31:45 | Crear | Villager (Male) |
| 31:46 | Crear | Villager (Male) |
| 31:53 | Edad | Edad Imperial |
| 31:56 | Crear | Villager (Male) |
| 31:57 | Crear | Villager (Male) |
| 32:16 | Crear | Trebuchet (Packed) |
| 32:44 | Crear | Villager (Male) |
| 32:44 | Crear | Villager (Male) |
| 32:47 | Crear | Villager (Male) |
| 32:48 | Crear | Villager (Male) |
| 32:51 | Construir | Farm |
| 32:55 | Construir | Farm |
| 32:58 | Crear | Villager (Male) |
| 33:00 | Crear | Villager (Male) |
| 33:04 | Construir | House |
| 33:34 | Construir | House |
| 33:35 | Crear | Villager (Male) |
| 33:35 | Crear | Villager (Male) |
| 33:38 | Investigar | Hand Cart |
| 33:39 | Investigar | Loom |
| 33:52 | Crear | Scorpion |
| 33:55 | Crear | Monk |
Build order — mata101
Primeras 150 de 396 acciones detectadas
| 0:01 | Crear | Villager (Male) |
| 0:02 | Crear | Villager (Male) |
| 0:02 | Crear | Villager (Male) |
| 0:02 | Crear | Villager (Male) |
| 0:02 | Crear | Villager (Male) |
| 0:04 | Construir | House |
| 0:06 | Construir | House |
| 1:24 | Crear | Villager (Male) |
| 1:27 | Investigar | Loom |
| 2:36 | Crear | Villager (Male) |
| 2:36 | Crear | Villager (Male) |
| 2:56 | Crear | Villager (Male) |
| 3:28 | Crear | Villager (Male) |
| 3:57 | Crear | Villager (Male) |
| 4:23 | Construir | House |
| 4:47 | Construir | Palisade Wall |
| 4:59 | Crear | Villager (Male) |
| 5:16 | Construir | Palisade Wall |
| 5:37 | Construir | Palisade Wall |
| 6:26 | Construir | Palisade Wall |
| 7:13 | Construir | Palisade Gate |
| 7:18 | Construir | Palisade Wall |
| 7:22 | Crear | Villager (Male) |
| 7:22 | Crear | Villager (Male) |
| 7:23 | Crear | Villager (Male) |
| 7:23 | Crear | Villager (Male) |
| 7:23 | Crear | Villager (Male) |
| 8:55 | Crear | Villager (Male) |
| 9:48 | Construir | Palisade Wall |
| 10:02 | Construir | Mill |
| 10:32 | Construir | Lumber Camp |
| 11:34 | Construir | Palisade Gate |
| 11:48 | Crear | Villager (Male) |
| 11:48 | Crear | Villager (Male) |
| 12:19 | Construir | Lumber Camp |
| 12:41 | Construir | Palisade Wall |
| 12:44 | Construir | Palisade Wall |
| 12:49 | Crear | Villager (Male) |
| 12:49 | Crear | Villager (Male) |
| 12:50 | Crear | Villager (Male) |
| 12:50 | Crear | Villager (Male) |
| 12:57 | Construir | House |
| 13:26 | Construir | House |
| 13:57 | Construir | Lumber Camp |
| 14:03 | Construir | Palisade Wall |
| 14:15 | Construir | House |
| 14:24 | Crear | Villager (Male) |
| 14:24 | Crear | Villager (Male) |
| 15:14 | Construir | Barracks |
| 15:55 | Construir | House |
| 15:57 | Construir | House |
| 16:29 | Investigar | Feudal Age |
| 17:10 | Construir | Barracks |
| 17:30 | Construir | Mining Camp |
| 18:00 | Construir | House |
| 18:22 | Construir | Palisade Gate |
| 18:26 | Construir | Palisade Wall |
| 18:39 | Edad | Edad Feudal |
| 18:49 | Investigar | Man-at-Arms (upgrade) |
| 18:53 | Crear | Militia |
| 18:53 | Crear | Militia |
| 18:53 | Crear | Militia |
| 18:59 | Construir | Blacksmith |
| 19:22 | Crear | Militia |
| 19:43 | Construir | Lumber Camp |
| 19:45 | Investigar | Double-Bit Axe |
| 19:46 | Investigar | Horse Collar |
| 19:55 | Crear | Villager (Male) |
| 19:55 | Crear | Villager (Male) |
| 19:55 | Crear | Villager (Male) |
| 19:56 | Crear | Villager (Male) |
| 20:15 | Construir | Mill |
| 20:16 | Construir | Farm |
| 20:16 | Construir | Farm |
| 20:17 | Construir | Farm |
| 20:17 | Construir | Farm |
| 20:17 | Construir | Farm |
| 20:27 | Construir | Farm |
| 20:43 | Construir | Farm |
| 20:44 | Construir | Farm |
| 20:45 | Construir | Farm |
| 20:54 | Construir | Farm |
| 21:06 | Construir | Farm |
| 21:36 | Construir | Farm |
| 21:39 | Construir | Farm |
| 21:39 | Construir | Farm |
| 21:39 | Construir | Farm |
| 21:50 | Crear | Villager (Male) |
| 22:09 | Construir | Farm |
| 22:09 | Construir | Farm |
| 22:10 | Construir | Farm |
| 22:10 | Construir | Farm |
| 22:10 | Construir | Farm |
| 22:14 | Crear | Villager (Male) |
| 22:14 | Crear | Villager (Male) |
| 22:29 | Crear | Villager (Male) |
| 22:38 | Construir | Farm |
| 22:39 | Construir | Farm |
| 22:39 | Construir | Farm |
| 22:39 | Construir | Farm |
| 22:54 | Crear | Militia |
| 22:58 | Crear | Villager (Male) |
| 23:08 | Construir | Farm |
| 23:09 | Construir | Farm |
| 23:10 | Construir | Farm |
| 23:11 | Construir | Farm |
| 23:12 | Construir | Farm |
| 23:17 | Crear | Villager (Male) |
| 23:25 | Construir | House |
| 23:27 | Construir | House |
| 23:30 | Construir | House |
| 23:40 | Investigar | Scale Mail Armor |
| 23:46 | Crear | Villager (Male) |
| 24:17 | Construir | Watch Tower |
| 24:21 | Crear | Militia |
| 24:21 | Crear | Militia |
| 24:25 | Crear | Villager (Male) |
| 24:27 | Crear | Militia |
| 24:50 | Construir | Barracks |
| 24:56 | Crear | Villager (Male) |
| 24:57 | Crear | Villager (Male) |
| 25:00 | Crear | Militia ×2 |
| 25:07 | Construir | House |
| 25:27 | Investigar | Forging |
| 25:42 | Crear | Militia |
| 25:45 | Crear | Militia |
| 26:14 | Crear | Villager (Male) |
| 26:14 | Crear | Villager (Male) |
| 26:15 | Crear | Villager (Male) |
| 26:19 | Crear | Militia |
| 26:38 | Crear | Villager (Male) |
| 26:41 | Crear | Militia ×3 |
| 27:51 | Construir | Stable |
| 28:05 | Crear | Villager (Male) |
| 28:05 | Crear | Villager (Male) |
| 28:07 | Crear | Villager (Male) |
| 28:18 | Construir | House |
| 28:41 | Crear | Militia |
| 28:42 | Crear | Militia |
| 29:04 | Construir | Barracks |
| 29:22 | Construir | Market |
| 29:38 | Crear | Militia |
| 29:38 | Crear | Militia |
| 29:40 | Crear | Militia |
| 29:46 | Construir | House |
| 29:53 | Construir | House |
| 30:10 | Construir | Barracks |
| 30:19 | Investigar | Castle Age |
| 30:23 | Crear | Militia ×5 |
| 30:45 | Construir | Barracks |
Build order — Jon
Primeras 150 de 417 acciones detectadas
| 0:01 | Crear | Villager (Male) |
| 0:02 | Crear | Villager (Male) |
| 0:04 | Construir | House |
| 0:04 | Construir | House |
| 0:08 | Construir | House |
| 0:10 | Crear | Villager (Male) |
| 0:10 | Crear | Villager (Male) |
| 1:46 | Crear | Villager (Male) |
| 1:54 | Construir | Lumber Camp |
| 2:22 | Crear | Villager (Male) |
| 2:50 | Crear | Villager (Male) |
| 3:38 | Crear | Villager (Male) |
| 3:39 | Crear | Villager (Male) |
| 4:03 | Crear | Villager (Male) |
| 4:19 | Construir | Mill |
| 4:57 | Crear | Villager (Male) |
| 5:23 | Crear | Villager (Male) |
| 5:46 | Crear | Villager (Male) |
| 5:56 | Construir | House |
| 6:05 | Crear | Villager (Male) |
| 6:06 | Crear | Villager (Male) |
| 6:38 | Construir | House |
| 6:40 | Crear | Villager (Male) |
| 7:11 | Crear | Villager (Male) |
| 7:11 | Crear | Villager (Male) |
| 7:12 | Crear | Villager (Male) |
| 7:44 | Crear | Villager (Male) |
| 7:45 | Crear | Villager (Male) |
| 7:54 | Construir | Farm |
| 8:31 | Crear | Villager (Male) |
| 8:31 | Crear | Villager (Male) |
| 8:32 | Crear | Villager (Male) |
| 8:58 | Construir | Farm |
| 9:25 | Construir | Farm |
| 9:38 | Construir | Farm |
| 10:08 | Construir | Farm |
| 10:12 | Investigar | Loom |
| 10:21 | Investigar | Feudal Age |
| 10:30 | Construir | Farm |
| 10:51 | Construir | Farm |
| 11:05 | Construir | Mining Camp |
| 11:32 | Construir | Lumber Camp |
| 12:01 | Construir | House |
| 12:27 | Crear | Villager (Male) |
| 12:29 | Crear | Villager (Male) |
| 12:58 | Edad | Edad Feudal |
| 13:02 | Crear | Villager (Male) |
| 13:03 | Crear | Villager (Male) |
| 13:05 | Construir | House |
| 13:14 | Investigar | Double-Bit Axe |
| 13:39 | Construir | House |
| 13:56 | Construir | Market |
| 14:04 | Construir | Blacksmith |
| 14:08 | Construir | Farm |
| 14:36 | Crear | Villager (Male) |
| 15:06 | Construir | Barracks |
| 15:14 | Construir | Farm |
| 15:55 | Construir | Farm |
| 16:06 | Investigar | Gold Mining |
| 16:11 | Investigar | Castle Age |
| 16:12 | Crear | Villager (Male) |
| 16:13 | Crear | Villager (Male) |
| 16:32 | Construir | House |
| 17:11 | Construir | Archery Range |
| 17:15 | Crear | Spearman |
| 17:15 | Crear | Spearman |
| 17:15 | Crear | Spearman |
| 17:15 | Crear | Spearman |
| 17:23 | Construir | House |
| 17:27 | Investigar | Stone Mining |
| 17:33 | Crear | Villager (Male) |
| 17:34 | Crear | Villager (Male) |
| 17:58 | Construir | Farm |
| 18:02 | Construir | Farm |
| 18:51 | Edad | Edad de los Castillos |
| 19:05 | Investigar | Pikeman (upgrade) |
| 19:19 | Investigar | Bow Saw |
| 19:51 | Construir | Farm |
| 19:53 | Construir | Farm |
| 20:03 | Crear | Spearman |
| 20:03 | Crear | Spearman |
| 20:04 | Crear | Spearman |
| 20:15 | Construir | Town Center |
| 20:19 | Construir | Farm |
| 20:29 | Crear | Skirmisher |
| 20:29 | Crear | Skirmisher |
| 20:30 | Crear | Skirmisher |
| 20:56 | Investigar | Scale Mail Armor |
| 21:03 | Crear | Villager (Male) |
| 21:03 | Crear | Villager (Male) |
| 21:04 | Crear | Villager (Male) |
| 21:13 | Construir | Farm |
| 21:20 | Crear | Skirmisher |
| 21:23 | Crear | Spearman |
| 21:24 | Crear | Spearman |
| 21:37 | Crear | Villager (Male) |
| 21:37 | Crear | Villager (Male) |
| 21:39 | Construir | Farm |
| 22:01 | Crear | Villager (Male) |
| 22:02 | Crear | Villager (Male) |
| 22:06 | Construir | Farm |
| 22:14 | Crear | Villager (Male) |
| 22:15 | Crear | Villager (Male) |
| 22:30 | Construir | House |
| 22:49 | Crear | Spearman |
| 22:50 | Crear | Spearman |
| 23:14 | Investigar | Gambesons |
| 23:24 | Crear | Villager (Male) |
| 23:24 | Crear | Villager (Male) |
| 23:31 | Crear | Villager (Male) |
| 23:32 | Crear | Villager (Male) |
| 23:39 | Construir | House |
| 23:43 | Construir | Farm |
| 23:47 | Construir | Farm |
| 23:50 | Crear | Villager (Male) |
| 23:50 | Crear | Villager (Male) |
| 23:55 | Crear | Villager (Male) |
| 23:55 | Crear | Villager (Male) |
| 24:18 | Construir | Farm |
| 24:19 | Crear | Villager (Male) |
| 24:20 | Crear | Villager (Male) |
| 24:26 | Construir | Farm |
| 24:43 | Crear | Spearman |
| 25:04 | Construir | Town Center |
| 25:13 | Construir | Farm |
| 25:14 | Construir | Farm |
| 25:18 | Crear | Villager (Male) |
| 25:19 | Crear | Villager (Male) |
| 25:19 | Crear | Villager (Male) |
| 25:28 | Construir | House |
| 25:30 | Construir | House |
| 25:31 | Construir | House |
| 25:35 | Construir | Farm |
| 26:07 | Investigar | Elite Skirmisher (upgrade) |
| 26:40 | Construir | Farm |
| 26:41 | Construir | Farm |
| 26:43 | Construir | Farm |
| 26:45 | Crear | Villager (Male) |
| 26:46 | Crear | Villager (Male) |
| 26:48 | Crear | Villager (Male) |
| 26:48 | Crear | Villager (Male) |
| 26:49 | Crear | Villager (Male) |
| 27:41 | Investigar | Man-at-Arms (upgrade) |
| 28:34 | Crear | Skirmisher |
| 28:34 | Crear | Skirmisher |
| 28:37 | Crear | Militia |
| 28:37 | Crear | Militia |
| 28:37 | Crear | Militia |
| 28:48 | Construir | Farm |
| 28:54 | Construir | Farm |
Build order — Stormshadow
Primeras 150 de 408 acciones detectadas
| 0:10 | Crear | Villager (Male) |
| 0:10 | Investigar | Loom |
| 0:11 | Crear | Villager (Male) |
| 0:23 | Construir | House |
| 0:28 | Construir | House |
| 1:15 | Crear | Villager (Male) |
| 1:15 | Crear | Villager (Male) |
| 1:15 | Crear | Villager (Male) |
| 1:15 | Crear | Villager (Male) |
| 2:03 | Crear | Villager (Male) |
| 2:31 | Crear | Villager (Male) |
| 2:31 | Crear | Villager (Male) |
| 2:31 | Crear | Villager (Male) |
| 3:05 | Crear | Villager (Male) |
| 3:05 | Crear | Villager (Male) |
| 3:05 | Crear | Villager (Male) |
| 3:34 | Crear | Villager (Male) |
| 3:34 | Crear | Villager (Male) |
| 3:46 | Crear | Villager (Male) |
| 3:47 | Crear | Villager (Male) |
| 3:47 | Crear | Villager (Male) |
| 4:57 | Crear | Villager (Male) |
| 4:58 | Crear | Villager (Male) |
| 4:58 | Crear | Villager (Male) |
| 5:18 | Construir | Lumber Camp |
| 5:34 | Construir | Mill |
| 5:42 | Construir | House |
| 5:45 | Construir | House |
| 5:46 | Construir | House |
| 5:50 | Construir | House |
| 5:51 | Construir | House |
| 7:48 | Crear | Villager (Male) |
| 7:48 | Crear | Villager (Male) |
| 7:48 | Crear | Villager (Male) |
| 7:49 | Crear | Villager (Male) |
| 9:07 | Crear | Villager (Male) |
| 9:56 | Crear | Villager (Male) |
| 10:36 | Crear | Villager (Male) |
| 11:17 | Crear | Villager (Male) |
| 11:21 | Investigar | Feudal Age |
| 11:26 | Crear | Villager (Male) |
| 11:26 | Crear | Villager (Male) |
| 11:28 | Crear | Villager (Male) |
| 13:31 | Edad | Edad Feudal |
| 13:35 | Investigar | Horse Collar |
| 13:37 | Investigar | Double-Bit Axe |
| 13:56 | Construir | Farm |
| 13:57 | Construir | Farm |
| 13:58 | Construir | Farm |
| 13:59 | Construir | Farm |
| 14:00 | Construir | Farm |
| 14:01 | Construir | Farm |
| 14:03 | Construir | Farm |
| 14:04 | Construir | Farm |
| 14:09 | Construir | Farm |
| 14:11 | Construir | Farm |
| 14:13 | Construir | Farm |
| 14:22 | Construir | Farm |
| 14:37 | Construir | Market |
| 14:48 | Construir | Mining Camp |
| 14:55 | Construir | Blacksmith |
| 15:00 | Crear | Villager (Male) |
| 15:01 | Crear | Villager (Male) |
| 15:08 | Crear | Villager (Male) |
| 15:51 | Crear | Villager (Male) |
| 16:19 | Construir | Farm |
| 16:21 | Construir | Farm |
| 16:22 | Construir | Farm |
| 17:08 | Construir | Stone Wall |
| 17:37 | Crear | Villager (Male) |
| 17:37 | Crear | Villager (Male) |
| 17:37 | Crear | Villager (Male) |
| 17:38 | Crear | Villager (Male) |
| 17:45 | Construir | Farm |
| 18:29 | Construir | Stone Wall |
| 19:30 | Investigar | Castle Age |
| 19:32 | Crear | Villager (Male) |
| 19:32 | Crear | Villager (Male) |
| 19:32 | Crear | Villager (Male) |
| 19:34 | Crear | Villager (Male) |
| 19:47 | Crear | Trade Cart |
| 19:48 | Crear | Trade Cart |
| 20:02 | Construir | Market |
| 20:11 | Construir | House |
| 20:12 | Construir | House |
| 20:14 | Construir | House |
| 20:15 | Construir | House |
| 20:16 | Construir | House |
| 20:16 | Construir | House |
| 20:17 | Construir | House |
| 20:20 | Construir | House |
| 20:21 | Construir | House |
| 20:22 | Construir | House |
| 20:43 | Crear | Trade Cart |
| 21:13 | Construir | Lumber Camp |
| 21:29 | Construir | Mining Camp |
| 22:10 | Edad | Edad de los Castillos |
| 22:30 | Crear | Trade Cart |
| 22:38 | Crear | Trade Cart |
| 23:03 | Crear | Villager (Male) |
| 23:04 | Crear | Villager (Male) |
| 23:06 | Crear | Villager (Male) |
| 23:06 | Crear | Villager (Male) |
| 23:25 | Investigar | Bow Saw |
| 23:39 | Construir | Stone Wall |
| 24:49 | Construir | Town Center |
| 25:10 | Crear | Villager (Male) |
| 25:12 | Crear | Villager (Male) |
| 25:16 | Crear | Villager (Male) |
| 25:21 | Investigar | Heavy Plow |
| 25:26 | Investigar | Forging |
| 25:27 | Investigar | Scale Mail Armor |
| 25:56 | Crear | Villager (Male) |
| 26:09 | Construir | House |
| 26:11 | Construir | House |
| 26:12 | Construir | House |
| 26:13 | Construir | House |
| 26:25 | Crear | Villager (Male) |
| 26:25 | Crear | Villager (Male) |
| 26:36 | Construir | Town Center |
| 26:40 | Crear | Villager (Male) |
| 26:40 | Crear | Villager (Male) |
| 26:41 | Crear | Villager (Male) |
| 26:41 | Crear | Villager (Male) |
| 26:42 | Crear | Villager (Male) |
| 26:45 | Crear | Villager (Male) |
| 26:49 | Crear | Villager (Male) |
| 26:49 | Crear | Villager (Male) |
| 26:50 | Crear | Villager (Male) |
| 27:03 | Investigar | Stone Mining |
| 27:09 | Investigar | Gold Mining |
| 27:15 | Crear | Trade Cart |
| 27:16 | Investigar | Caravan |
| 27:22 | Investigar | Caravan |
| 28:02 | Construir | Castle |
| 29:38 | Crear | Villager (Male) |
| 29:38 | Crear | Villager (Male) |
| 29:38 | Crear | Villager (Male) |
| 29:39 | Crear | Villager (Male) |
| 29:39 | Crear | Villager (Male) |
| 29:42 | Crear | Villager (Male) |
| 29:43 | Crear | Villager (Male) |
| 29:43 | Crear | Villager (Male) |
| 30:01 | Crear | Villager (Male) |
| 30:01 | Crear | Villager (Male) |
| 30:02 | Crear | Villager (Male) |
| 30:08 | Crear | Teutonic Knight |
| 30:08 | Crear | Teutonic Knight |
| 30:16 | Investigar | Iron Casting |
| 30:19 | Investigar | Chain Mail Armor |
Build order — aochamberlin17
Primeras 150 de 515 acciones detectadas
| 0:03 | Crear | Villager (Male) |
| 0:04 | Crear | Villager (Male) |
| 0:04 | Crear | Villager (Male) |
| 0:04 | Crear | Villager (Male) |
| 0:06 | Investigar | Loom |
| 0:26 | Construir | House |
| 0:27 | Construir | House |
| 2:17 | Construir | Lumber Camp |
| 2:26 | Crear | Villager (Male) |
| 2:26 | Crear | Villager (Male) |
| 3:08 | Construir | Mill |
| 3:47 | Crear | Villager (Male) |
| 3:47 | Crear | Villager (Male) |
| 4:27 | Construir | House |
| 4:28 | Construir | House |
| 4:32 | Crear | Villager (Male) |
| 4:32 | Crear | Villager (Male) |
| 4:32 | Crear | Villager (Male) |
| 4:53 | Crear | Villager (Male) |
| 5:14 | Crear | Villager (Male) |
| 5:14 | Crear | Villager (Male) |
| 6:07 | Crear | Villager (Male) |
| 6:07 | Crear | Villager (Male) |
| 6:41 | Crear | Villager (Male) |
| 6:42 | Crear | Villager (Male) |
| 6:42 | Crear | Villager (Male) |
| 7:30 | Crear | Villager (Male) |
| 7:30 | Crear | Villager (Male) |
| 7:31 | Crear | Villager (Male) |
| 8:03 | Construir | House |
| 8:04 | Construir | House |
| 8:38 | Crear | Villager (Male) |
| 8:38 | Crear | Villager (Male) |
| 8:39 | Crear | Villager (Male) |
| 8:56 | Construir | Mill |
| 9:11 | Crear | Villager (Male) |
| 9:16 | Crear | Villager (Male) |
| 10:26 | Construir | Mining Camp |
| 11:17 | Investigar | Feudal Age |
| 12:11 | Construir | Barracks |
| 13:27 | Edad | Edad Feudal |
| 13:51 | Crear | Villager (Male) |
| 13:51 | Crear | Villager (Male) |
| 13:51 | Crear | Villager (Male) |
| 13:52 | Crear | Villager (Male) |
| 13:53 | Crear | Villager (Male) |
| 13:55 | Crear | Villager (Male) |
| 14:45 | Investigar | Horse Collar |
| 14:51 | Construir | Stable |
| 14:54 | Construir | Farm |
| 14:57 | Construir | Farm |
| 14:59 | Construir | Farm |
| 15:01 | Construir | Farm |
| 15:24 | Investigar | Double-Bit Axe |
| 15:39 | Construir | Blacksmith |
| 16:09 | Construir | Farm |
| 16:11 | Construir | Farm |
| 16:29 | Construir | Mining Camp |
| 17:04 | Investigar | Castle Age |
| 18:00 | Construir | Farm |
| 18:03 | Construir | Farm |
| 18:06 | Construir | Farm |
| 18:17 | Crear | Villager (Male) |
| 18:17 | Crear | Villager (Male) |
| 18:18 | Crear | Villager (Male) |
| 18:18 | Crear | Villager (Male) |
| 18:19 | Crear | Villager (Male) |
| 18:25 | Crear | Villager (Male) |
| 18:25 | Crear | Villager (Male) |
| 18:25 | Crear | Villager (Male) |
| 18:27 | Crear | Villager (Male) |
| 18:32 | Investigar | Arson |
| 18:59 | Investigar | Scale Mail Armor |
| 19:44 | Edad | Edad de los Castillos |
| 19:44 | Crear | Villager (Male) |
| 20:19 | Construir | Siege Workshop |
| 20:34 | Investigar | Heavy Plow |
| 20:41 | Construir | Farm |
| 21:03 | Construir | Castle |
| 21:14 | Construir | Farm |
| 21:20 | Crear | Battering Ram |
| 21:35 | Construir | House |
| 21:37 | Construir | House |
| 22:09 | Crear | Battering Ram |
| 22:49 | Crear | Samurai |
| 22:50 | Crear | Samurai |
| 22:50 | Crear | Samurai |
| 22:50 | Crear | Samurai |
| 22:50 | Crear | Samurai |
| 22:51 | Crear | Samurai |
| 22:51 | Crear | Samurai |
| 22:51 | Crear | Samurai |
| 22:54 | Crear | Samurai |
| 22:54 | Crear | Samurai |
| 22:55 | Crear | Samurai |
| 22:55 | Crear | Samurai |
| 22:55 | Crear | Samurai |
| 22:56 | Crear | Samurai |
| 23:28 | Construir | Farm |
| 23:57 | Investigar | Forging |
| 24:14 | Investigar | Squires |
| 25:01 | Crear | Battering Ram |
| 25:04 | Crear | Samurai |
| 25:05 | Crear | Samurai |
| 25:05 | Crear | Samurai |
| 25:05 | Crear | Samurai |
| 25:06 | Crear | Samurai |
| 25:06 | Crear | Samurai |
| 25:18 | Crear | Villager (Male) |
| 26:24 | Construir | Town Center |
| 26:42 | Crear | Samurai |
| 26:42 | Crear | Samurai |
| 26:43 | Crear | Samurai |
| 26:43 | Crear | Samurai |
| 26:43 | Crear | Samurai |
| 26:44 | Crear | Samurai |
| 26:44 | Crear | Samurai |
| 26:44 | Crear | Samurai |
| 28:57 | Crear | Samurai |
| 28:58 | Crear | Samurai |
| 28:58 | Crear | Samurai |
| 28:58 | Crear | Samurai |
| 28:58 | Crear | Samurai |
| 28:59 | Crear | Samurai |
| 28:59 | Crear | Samurai |
| 29:00 | Crear | Samurai |
| 29:00 | Crear | Samurai |
| 29:00 | Crear | Samurai |
| 29:01 | Crear | Samurai |
| 29:01 | Crear | Samurai |
| 29:56 | Construir | House |
| 29:57 | Construir | House |
| 29:58 | Construir | House |
| 30:53 | Investigar | Chain Mail Armor |
| 30:54 | Investigar | Iron Casting |
| 31:40 | Construir | House |
| 31:41 | Construir | House |
| 31:42 | Construir | House |
| 31:45 | Crear | Samurai |
| 31:45 | Crear | Samurai |
| 31:45 | Crear | Samurai |
| 31:46 | Crear | Samurai |
| 31:46 | Crear | Samurai |
| 31:46 | Crear | Samurai |
| 32:25 | Crear | Villager (Male) |
| 32:25 | Crear | Villager (Male) |
| 32:26 | Crear | Villager (Male) |
| 33:09 | Investigar | Bow Saw |
| 33:22 | Construir | Town Center |
| 34:43 | Construir | Monastery |
Cronología de la partida
| 4:47 | mata101 · wall_segment Palisade Wall x9 |
| 5:16 | mata101 · wall_segment Palisade Wall x9 |
| 5:37 | mata101 · wall_segment Palisade Wall x7 |
| 6:26 | mata101 · wall_segment Palisade Wall x5 |
| 7:18 | mata101 · wall_segment Palisade Wall x2 |
| 9:48 | mata101 · wall_segment Palisade Wall x3 |
| 11:12 | TeaWifYerGf · age_up feudal |
| 12:11 | aochamberlin17 · first_building Barracks |
| 12:17 | TeaWifYerGf · first_building Barracks |
| 12:41 | mata101 · wall_segment Palisade Wall x1 |
| 12:44 | mata101 · wall_segment Palisade Wall x1 |
| 12:58 | Jon · age_up feudal |
| 13:27 | aochamberlin17 · age_up feudal |
| 13:28 | aanndrrees · first_building Barracks |
| 13:31 | Stormshadow · age_up feudal |
| 14:03 | mata101 · wall_segment Palisade Wall x1 |
| 14:51 | aochamberlin17 · first_building Stable |
| 15:06 | Jon · first_building Barracks |
| 15:14 | mata101 · first_building Barracks |
| 15:59 | aanndrrees · first_building Archery Range |
| 17:08 | Stormshadow · wall_segment Stone Wall x4 |
| 17:11 | Jon · first_building Archery Range |
| 18:26 | mata101 · wall_segment Palisade Wall x1 |
| 18:29 | Stormshadow · wall_segment Stone Wall x7 |
| 18:39 | mata101 · age_up feudal |
| 18:51 | Jon · age_up castle |
| 18:59 | TeaWifYerGf · age_up castle |
| 19:30 | aanndrrees · first_building Monastery |
| 19:44 | aochamberlin17 · age_up castle |
| 20:15 | TeaWifYerGf · first_building Monastery |
| 20:19 | aochamberlin17 · first_building Siege Workshop |
| 20:48 | Stormshadow · first_market_sell 100 food |
| 21:03 | aochamberlin17 · first_building Castle |
| 21:45 | TeaWifYerGf · first_building Stable |
| 22:10 | Stormshadow · age_up castle |
| 23:27 | aanndrrees · first_market_buy 100 stone |
| 23:39 | Stormshadow · wall_segment Stone Wall x2 |
| 23:52 | TeaWifYerGf · wall_segment Stone Wall x5 |
| 24:02 | TeaWifYerGf · wall_segment Stone Wall x8 |
| 24:16 | Stormshadow · first_market_buy 100 wood |
| 24:29 | TeaWifYerGf · first_building Siege Workshop |
| 25:42 | TeaWifYerGf · first_market_buy 100 stone |
| 26:58 | TeaWifYerGf · first_building Castle |
| 27:51 | mata101 · first_building Stable |
| 28:02 | Stormshadow · first_building Castle |
| 28:54 | aanndrrees · first_building Castle |
| 29:14 | Jon · first_building Monastery |
| 31:08 | Jon · first_building Siege Workshop |
| 31:53 | TeaWifYerGf · age_up imperial |
| 32:06 | Jon · first_building Stable |
| 32:59 | mata101 · age_up castle |
| 34:06 | mata101 · first_building Siege Workshop |
| 34:19 | Jon · age_up imperial |
| 34:43 | aochamberlin17 · first_building Monastery |
| 34:45 | Jon · first_building Castle |
| 38:27 | Stormshadow · age_up imperial |
| 39:57 | mata101 · first_building Castle |
| 40:59 | aochamberlin17 · wall_segment Stone Wall x11 |
| 42:44 | Stormshadow · first_building Siege Workshop |
| 44:21 | mata101 · age_up imperial |
| 44:23 | Stormshadow · wall_segment Stone Wall x12 |
| 44:59 | aochamberlin17 · age_up imperial |
| 45:15 | mata101 · first_market_buy 100 stone |
| 46:11 | aochamberlin17 · first_building Archery Range |
| 48:45 | aanndrrees · first_building Siege Workshop |
| 48:49 | mata101 · first_building Archery Range |
| 51:53 | Stormshadow · first_building Monastery |
| 54:44 | aanndrrees · first_market_sell 500 wood |
| 57:39 | Stormshadow · first_building Barracks |
| 60:00 | aochamberlin17 · resign |
[ ANÁLISIS IA · 1 CRÉDITO ]
¿Qué pasó realmente en esta partida?
Wolo.gg analiza cada decisión: build order, eco, micro, errores típicos por bracket. Análisis personalizado por WhatsApp o Discord en 30 segundos.
Guía civ
Españoles
Perfil
Jugador #25005145